 Dungeon Crawl Stone Soup version 0.19.1 (console) character file.

103724 Morrissey the Unseen (level 15, -82/100 HPs)
             Began as a Vampire Enchanter on Dec 24, 2016.
             Was the Champion of Kikubaaqudgha.
             Killed by Shatter
             ... invoked by Jorgrun
              (90 damage)
             ... on level 2 of the Spider Nest on Dec 25, 2016.
             The game lasted 02:06:47 (35917 turns).

Morrissey the Unseen (Vampire Enchanter)           Turns: 35917, Time: 02:06:47

Health: -82/100    AC: 17    Str:  9    XL:     15   Next: 89%
Magic:  27/29      EV:  2    Int: 23    God:    Kikubaaqudgha [******]
Gold:   1354       SH:  0    Dex: 16    Spells: 8 memorised, 10 levels left

rFire  + . .     SeeInvis +     a - +1 dagger (flame)
rCold  + . .     Gourm    .     c - +4 troll leather armour
rNeg   + + +     Faith    +     (no shield)
rPois  ∞         Spirit   .     (helmet restricted)
rElec  .         Reflect  .     F - +2 cloak
rCorr  .         Harm     .     E - +2 pair of gloves
MR     +....                    k - +2 pair of boots
Stlth  ++++++++..               O - amulet of faith
                                j - ring "Dapilune" {rN+ Slay+6}
                                N - ring of protection from fire

@: petrified, regenerating slowly
A: fangs 3, horns 1, see invisible, strong 1, unbreathing
a: Bat Form, Receive Corpses, Torment, Renounce Religion


You were on level 2 of the Spider Nest.
You worshipped Kikubaaqudgha.
Kikubaaqudgha was exalted by your worship.
You were very thirsty.

You visited 5 branches of the dungeon, and saw 26 of its levels.
You also visited: Bailey.

You collected 2578 gold pieces.
You spent 1224 gold pieces at shops.

Inventory:

Hand Weapons
 a - a +1 dagger of flaming (weapon)
 b - a +7 demon blade of pain
 i - a +1 scimitar of flaming
 G - the +10 falchion "Ewkas" {slice, rF+ MR+ Dex+3}
   (You found it on level 6 of the Lair of Beasts)

   It inflicts extra damage upon your enemies.
   It affects your dexterity (+3).
   It protects you from fire.
   It affects your resistance to hostile enchantments.
Armour
 c - a +4 troll leather armour (worn)
 k - a +2 pair of boots (worn)
 A - a +2 robe of positive energy
 E - a +2 pair of gloves (worn)
 F - a +2 cloak (worn)
Jewellery
 j - the ring "Dapilune" (right hand) {rN+ Slay+6}
   (You bought it in a shop on level 2 of the Orcish Mines)

   [ring of positive energy]

   It affects your accuracy and damage with ranged weapons and melee attacks
   (+6).
   It protects you from negative energy.
 q - an uncursed ring of fire {unknown}
 N - a ring of protection from fire (left hand)
 O - an amulet of faith (around neck)
 Y - an uncursed ring of protection from cold
Wands
 o - a wand of iceblast (9/15)
 H - a wand of acid (7/15)
 L - a wand of iceblast (0/15)
 Q - a wand of digging (10/24)
 X - a wand of digging (13/24)
Scrolls
 g - a scroll of fear
 h - 6 scrolls of amnesia
 s - 2 scrolls of silence
 u - 3 scrolls of remove curse
 w - 5 scrolls of teleportation
Potions
 d - 8 potions of blood
 e - 3 potions of haste
 f - 8 potions of flight
 l - 5 potions of curing
 m - 2 potions of agility
 n - a potion of brilliance
 p - 5 potions of heal wounds
 r - 5 potions of ambrosia
 t - 2 potions of might
 x - a potion of cancellation
 z - 2 potions of cure mutation
 D - 3 potions of invisibility
 I - a potion of mutation
 S - a potion of magic


   Skills:
 - Level 3.8 Fighting
 - Level 10.3(11.0) Short Blades
 * Level 5.7(8.3) Long Blades
 - Level 3.0 Armour
 - Level 11.7 Dodging
 + Level 19.4 Stealth
 - Level 10.7 Spellcasting
 + Level 9.9 Hexes
 - Level 16.0 Necromancy
 - Level 2.0 Ice Magic


You had 10 spell levels left.
You knew the following spells:

 Your Spells              Type           Power        Failure   Level  Hunger
a - Corona                Hex            ######.      1%          1    None
b - Ensorcelled Hibernat  Hex/Ice        #####.       1%          2    None
c - Confuse               Hex            ######..     1%          3    None
d - Dazzling Spray        Conj/Hex       #####.       2%          3    None
e - Corpse Rot            Necr           N/A          0%          2    None
f - Dispel Undead         Necr           ######..     1%          5    ####...
g - Animate Dead          Necr           N/A          1%          4    #......
h - Agony                 Necr           ######..     1%          5    ####...


Dungeon Overview and Level Annotations

Branches:
Dungeon (15/15)            Temple (0/1) D:7            Lair (6/6) D:9
 Shoals (1/4) Lair:2       Spider (2/4) Lair:4        Slime (0/5) Lair:5
    Orc (2/2) D:11            Elf (0/3) Orc:2        Vaults (0/5) D:14
 Depths: D:15

Altars:
Ashenzari
Dithmenos
Fedhas
Gozag
Kikubaaqudgha
Okawaru
Qazlal
Uskayaw
Vehumet
Xom
Yredelemnul
Zin

Shops:
Orc:2 !=((

Annotations:
D:12 exclusion: downstairs
Lair:3 exclusion: downstairs
Spider:2 Jorgrun
Orc:2 1 exclusion


Innate Abilities, Weirdness & Mutations

You heal slowly.
You have razor-sharp teeth.
You have supernaturally acute eyesight. (SInv)
You can survive without breathing.
You have a pair of small horns on your head.
Your muscles are strong. (Str +2)


Message History

The helpless wolf spider fails to defend itself.
You perforate the wolf spider like a sieve!!!!!
You burn the wolf spider!
You kill the wolf spider!
Kikubaaqudgha accepts your kill.
Your limbs are stiffening.
Jorgrun gestures at you while chanting. You resist with some effort.
You have turned to stone.
Jorgrun gestures wildly while chanting.
The dungeon rumbles around Jorgrun!
You shudder from the earth-shattering force.
Ouch! That really hurt!
* * * LOW HITPOINT WARNING * * *
Ka-crash!
You hear an angry hiss.
Jorgrun mumbles some strange words.
The dungeon rumbles around Jorgrun!
You shudder from the earth-shattering force.
Ouch! That really hurt!
You die...
Kikubaaqudgha rasps: "You have failed me!
Welcome... oblivion!"

..... ##....
s... .#....
##... #......
#...^ .......
.≈#....#.......
≈≈.....†......#
##.........
.####..<.....#
.......@g....#
...#...........
.......†.....##
.........####..
>......... .
.##.#......
####.....≈
......≈#
.#...###


You could see Jorgrun and a redback (wandering).

Vanquished Creatures
  Rupert (D:14)
  The ghost of dondy the Slinger, a journeyman HaHu of Fedhas (Orc:2)
  The ghost of oldnick the Destroyer, a journeyman DrCj of Vehumet (D:13)
  2 entropy weavers (Spider:1)
  An ettin (Orc:1)
  Josephine (D:11)
  Erolcha (Orc:2)
  Fannar (D:11)
  A vault guard (D:14)
  6 hydras
  A merfolk avatar (Lair:6)
  Erica (Lair:1)
  A centaur warrior (D:13)
  A merfolk aquamancer (Lair:2)
  2 tengu warriors
  5 orc high priests
  Urug (D:12)
  5 skeletal warriors (D:14)
  The ghost of monokles the Reanimator, a novice DsNe of Sif Muna (Bailey)
  A sea snake (Lair:6)
  3 unseen horrors
  A wizard (D:14)
  2 harpies (Lair:6)
  5 hill giants
  3 cyclopes
  An ugly thing (D:13)
  2 oklob plants (Lair:5)
  6 orc knights
  8 wolf spiders
  6 orb spiders (Spider:1)
  3 orc sorcerers (Orc:2)
  7 manticores
  2 centaur zombies (D:14)
  4 elephants (Lair:6)
  5 black mambas
  Joseph (D:8)
  A torpor snail (Spider:1)
  5 rime drakes
  3 gargoyles
  19 spiny frogs
  6 komodo dragons
  4 demonic crawlers (Spider:1)
  2 tengu conjurers (D:13)
  10 jumping spiders
  7 trolls
  2 hornets
  5 polar bears
  A merfolk (D:11)
  Grinder (D:5)
  11 hippogriffs
  A two-headed ogre (D:13)
  8 slime creatures
  11 blink frogs
  A centaur simulacrum (D:14)
  13 redbacks
  A tarantella (shapeshifter) (D:14)
  Sigmund (D:5)
  A shadow (D:14)
  9 tarantellas
  10 wyverns
  4 water elementals
  4 wraiths
  A vampire (D:11)
  Grum (D:11)
  A steam dragon (D:13)
  3 basilisks
  59 yaks
  2 hungry ghosts
  4 vampire mosquitoes (D:15)
  4 wargs
  Edmund (D:5)
  2 hell hounds (D:9)
  14 water moccasins
  11 porcupines
  A phantom (D:13)
  An ice beast (D:12)
  31 orc warriors
  4 sky beasts
  A necrophage (D:10)
  A black bear (D:6)
  8 wolves
  11 centaurs
  14 ogres
  18 crocodiles
  A gnoll sergeant (D:12)
  19 bullfrogs
  2 wyvern zombies
  A wyvern skeleton (D:12)
  A water moccasin zombie (D:5)
  4 scorpions
  8 killer bees
  4 wights (D:14)
  5 electric eels
  3 howler monkeys
  4 crimson imps
  3 centaur skeletons
  5 jellies
  12 hounds
  19 orc priests
  20 orc wizards
  3 bullfrog skeletons (D:6)
  6 hell rats
  4 iguanas
  14 worker ants
  2 hound skeletons
  A howler monkey zombie (D:5)
  2 howler monkey skeletons (D:4)
  9 gnolls
  9 adders
  3 shadow imps
  12 white imps (D:11)
  An ooze (D:5)
  4 worms
  A dart slug (D:1)
  10 leopard geckos
  82 orcs
  A ball python (D:4)
  5 bats
  8 giant cockroaches
  7 goblins
  12 hobgoblins
  14 jackals
  5 quokkas
  7 frilled lizards
  A jackal zombie (D:7)
  20 kobolds
  A leopard gecko skeleton (D:4)
  8 rats
  A spectral orc (D:3)
  A bush (Lair:5)
  A butterfly (Lair:5)
794 creatures vanquished.

Vanquished Creatures (collateral kills)
  A hydra (Lair:6)
  An elephant (Lair:6)
  A polar bear (Lair:6)
  5 yaks
  A crocodile (Lair:6)
  A hell rat (Lair:6)
  An orc (Orc:1)
11 creatures vanquished.

Vanquished Creatures (others)
  22 fungi
  30 plants
52 creatures vanquished.

Grand Total: 857 creatures vanquished

Notes
Turn   | Place    | Note
-------+----------+-------------------------------------------
     0 | D:1      | Morrissey the Vampire Enchanter began the quest for the Orb.
     0 | D:1      | Reached XP level 1. HP: 13/13 MP: 3/3
   782 | D:1      | Reached XP level 2. HP: 11/19 MP: 1/5
   903 | D:1      | Learned a level 2 spell: Ensorcelled Hibernation
   975 | D:1      | Reached skill level 5 in Hexes
  1577 | D:1      | Reached skill level 5 in Stealth
  1822 | D:2      | Found a stormy altar of Qazlal.
  1930 | D:2      | Reached XP level 3. HP: 24/24 MP: 0/6
  2087 | D:2      | Found a faded altar of an unknown god.
  2499 | D:3      | Learned a level 3 spell: Confuse
  2625 | D:3      | Found a radiant altar of Vehumet.
  2630 | D:3      | Found an ancient bone altar of Kikubaaqudgha.
  2631 | D:3      | Found a shimmering altar of Xom.
  2635 | D:3      | Found a hide-covered altar of Uskayaw.
  2649 | D:3      | Became a worshipper of Kikubaaqudgha
  2816 | D:3      | Found a basalt altar of Yredelemnul.
  2824 | D:3      | Reached skill level 6 in Stealth
  2982 | D:3      | Reached XP level 4. HP: 30/30 MP: 7/7
  3110 | D:3      | Found a shadowy altar of Dithmenos.
  3249 | D:4      | Reached XP level 5. HP: 33/35 MP: 6/8
  3251 | D:4      | Noticed an ogre
  3258 | D:4      | Killed an ogre
  3258 | D:4      | Reached skill level 7 in Stealth
  3349 | D:4      | Reached XP level 6. HP: 41/41 MP: 9/9
  3356 | D:4      | Learned a level 3 spell: Dazzling Spray
  3601 | D:4      | Reached * piety under Kikubaaqudgha
  3601 | D:4      | Identified Kikubaaqudgha's Grimoire of Evil Arts (Kikubaaqudgha gifted it to you on level 4 of the Dungeon)
  3601 | D:4      | Received a gift from Kikubaaqudgha
  3651 | D:5      | Entered Level 5 of the Dungeon
  3653 | D:5      | Reached skill level 8 in Stealth
  4039 | D:5      | Reached skill level 1 in Necromancy
  4104 | D:5      | Noticed Edmund
  4372 | D:5      | Reached XP level 7. HP: 46/46 MP: 4/11
  4376 | D:5      | Learned a level 2 spell: Corpse Rot
  4381 | D:5      | Noticed Grinder
  4396 | D:5      | Paralysed by Grinder for 6 turns
  4837 | D:4      | Reached skill level 9 in Stealth
  5142 | D:5      | Noticed Sigmund
  5148 | D:5      | Killed Sigmund
  5194 | D:5      | Found a shattered altar of Ashenzari.
  5259 | D:5      | Gained mutation: You have a pair of small horns on your head. [potion of beneficial mutation]
  5425 | D:5      | Killed Edmund
  5425 | D:5      | Reached skill level 10 in Stealth
  5425 | D:5      | Reached XP level 8. HP: 48/52 MP: 5/14
  5751 | D:5      | Killed Grinder
  5810 | D:5      | Found a blossoming altar of Fedhas.
  5893 | D:5      | Reached skill level 5 in Necromancy
  6104 | D:5      | Reached skill level 11 in Stealth
  6104 | D:5      | Reached skill level 5 in Spellcasting
  6240 | D:6      | Reached ** piety under Kikubaaqudgha
  6296 | D:6      | Reached skill level 1 in Ice Magic
  6449 | D:6      | Found an iron altar of Okawaru.
  6514 | D:6      | Found an opulent altar of Gozag.
  6514 | D:6      | Found a glowing silver altar of Zin.
  6645 | D:6      | Reached XP level 9. HP: 56/57 MP: 12/16
  7017 | D:7      | Found a staircase to the Ecumenical Temple.
  7105 | D:7      | Reached skill level 12 in Stealth
  7439 | D:7      | Reached *** piety under Kikubaaqudgha
  7439 | D:7      | Identified Kikubaaqudgha's Incunabulum of Evil (Kikubaaqudgha gifted it to you on level 7 of the Dungeon)
  7439 | D:7      | Received a gift from Kikubaaqudgha
  7447 | D:7      | Learned a level 5 spell: Dispel Undead
  7452 | D:7      | Gained mutation: Your muscles are strong. (Str +2) [potion of beneficial mutation]
  8130 | D:8      | Learned a level 4 spell: Animate Dead
  8234 | D:8      | Noticed Joseph
  8237 | D:8      | Killed Joseph
  8237 | D:8      | Reached XP level 10. HP: 63/63 MP: 19/19
  8627 | D:8      | Reached **** piety under Kikubaaqudgha
  8948 | D:9      | Reached skill level 13 in Stealth
  8979 | D:9      | Found a staircase to the Lair.
  9227 | D:9      | Found a blossoming altar of Fedhas.
  9435 | D:10     | Entered Level 10 of the Dungeon
  9760 | D:10     | Noticed a hill giant
  9764 | D:10     | Killed a hill giant
  9764 | D:10     | Reached skill level 5 in Short Blades
  9764 | D:10     | Reached skill level 10 in Necromancy
  9976 | D:10     | Found a flagged portal.
  9988 | Bailey   | Entered a bailey
  9995 | Bailey   | Reached ***** piety under Kikubaaqudgha
 10033 | Bailey   | Noticed monokles's ghost (novice DsNe)
 10111 | Bailey   | Killed monokles's ghost
 10337 | Bailey   | Reached XP level 11. HP: 68/68 MP: 9/22
 10786 | Lair:1   | Entered Level 1 of the Lair of Beasts
 10802 | Lair:1   | Learned a level 5 spell: Agony
 10931 | Lair:1   | Reached skill level 14 in Stealth
 11162 | Lair:1   | Noticed Erica
 11170 | Lair:1   | Killed Erica
 11171 | Lair:1   | Noticed a four-headed hydra
 11884 | Lair:2   | Found a staircase to the Shoals.
 14164 | Lair:3   | Reached XP level 12. HP: 74/74 MP: 25/25
 14289 | Lair:3   | Reached skill level 15 in Stealth
 14772 | Lair:4   | Found a hole to the Spider Nest.
 15273 | Lair:4   | Reached skill level 10 in Spellcasting
 15611 | Lair:4   | Reached skill level 5 in Dodging
 16986 | Lair:5   | Got a polished dagger
 16987 | Lair:5   | Identified the +6 dagger "Spider's Demise" {chaos, +Fly rC+ MR+ Dex-4 Stlth+} (You found it on level 5 of the Lair of Beasts)
 17377 | Lair:5   | Reached ****** piety under Kikubaaqudgha
 17729 | Lair:5   | Reached XP level 13. HP: 79/79 MP: 19/27
 18029 | Lair:5   | Found a staircase to the Slime Pits.
 18182 | Lair:6   | Entered Level 6 of the Lair of Beasts
 19194 | D:11     | Noticed Grum
 19204 | D:11     | Reached skill level 16 in Stealth
 19210 | D:11     | Killed Grum
 19244 | D:11     | Noticed Fannar
 19245 | D:11     | Noticed Josephine
 19429 | D:11     | Killed Josephine
 20317 | D:11     | Killed Fannar
 20577 | D:11     | Found a staircase to the Orcish Mines.
 21231 | D:12     | Noticed Urug
 21238 | D:12     | Killed Urug
 21758 | D:13     | Noticed oldnick's ghost (journeyman DrCj)
 21767 | D:13     | Killed oldnick's ghost
 22262 | D:13     | Got a crude plate armour
 22380 | D:13     | Reached XP level 14. HP: 85/85 MP: 5/28
 22382 | D:13     | Got a brightly glowing great mace
 22820 | D:14     | Found an opulent altar of Gozag.
 23322 | D:14     | Reached skill level 10 in Dodging
 23891 | D:14     | Noticed Rupert
 23895 | D:14     | Killed Rupert
 23895 | D:14     | Reached skill level 17 in Stealth
 24044 | D:14     | Found a gate to the Vaults.
 24049 | D:14     | Reached skill level 15 in Necromancy
 24307 | D:15     | Entered Level 15 of the Dungeon
 25045 | D:13     | Reached skill level 10 in Short Blades
 25811 | Lair:6   | Got a bloodstained battleaxe
 25866 | Lair:6   | Identified the +4 great mace "Qolag" {drain, *Drain *Slow rN+ Str+5} (You found it on level 13 of the Dungeon)
 25867 | Lair:6   | Identified the cursed +1 battleaxe of Integrity {flame, *Drain +Fly rC++ Dex+4} (You found it on level 6 of the Lair of Beasts)
 27230 | Lair:6   | Reached skill level 1 in Fighting
 27713 | Lair:6   | Reached XP level 15. HP: 95/95 MP: 19/29
 28572 | Lair:6   | Reached skill level 18 in Stealth
 28873 | Lair:6   | Got a scorched hunting sling
 28930 | Lair:6   | Got a brightly glowing falchion
 28946 | Lair:6   | Identified the cursed +1 hunting sling "Grim Tooth" {speed, rElec Int+3 Stlth-} (You found it on level 6 of the Lair of Beasts)
 28949 | Lair:6   | Identified the +10 falchion "Ewkas" {slice, rF+ MR+ Dex+3} (You found it on level 6 of the Lair of Beasts)
 29127 | Spider:1 | Entered Level 1 of the Spider Nest
 29243 | Shoals:1 | Entered Level 1 of the Shoals
 29303 | Lair:2   | HP: 3/98 [something/ball of steam (24)]
 29845 | Orc:1    | Entered Level 1 of the Orcish Mines
 29871 | Orc:1    | Reached skill level 1 in Long Blades
 30470 | Orc:2    | Entered Level 2 of the Orcish Mines
 30470 | Orc:2    | Found a staircase to the Elven Halls.
 30900 | Orc:2    | Noticed dondy's ghost (journeyman HaHu)
 31118 | Orc:2    | Killed dondy's ghost
 31308 | Orc:2    | Reached skill level 1 in Armour
 31612 | Orc:2    | Noticed Erolcha
 31619 | Orc:2    | Killed Erolcha
 32697 | Orc:2    | Paralysed by an orc sorcerer for 6 turns
 33853 | Orc:2    | Found Ycuczu's Antique Weapon Emporium.
 33853 | Orc:2    | Found Zejaeh's Weapon Boutique.
 33856 | Orc:2    | Found Zorch's Distillery.
 33856 | Orc:2    | Found Wagof's Jewellery Emporium.
 33874 | Orc:2    | Bought a +2 demon blade of draining for 546 gold pieces
 33877 | Orc:2    | Identified a +4 demon blade of pain (a +2 demon blade of draining bloodied by Kikubaaqudgha)
 33877 | Orc:2    | Received a gift from Kikubaaqudgha
 33921 | Orc:2    | Bought the ring "Dapilune" {rN+ Slay+6} for 678 gold pieces
 34618 | Spider:1 | Reached skill level 19 in Stealth
 35508 | Spider:1 | Reached skill level 5 in Long Blades
 35907 | Spider:2 | Noticed Jorgrun
 35917 | Spider:2 | Killed from afar by Jorgrun

Skill      XL: |  1  2  3  4  5  6  7  8  9 10 11 12 13 14 15 |
---------------+----------------------------------------------+-----
Hexes          | 5 6 7 8 9 |  9.9
Stealth        | 5 6 7 8 10 11 12 13 14 15 16 17 19 | 19.4
Necromancy     | 2 3 6 8 10 11 13 14 15 16 | 16.0
Spellcasting   | 3 4 5 6 7 9 10 | 10.7
Ice Magic      | 1 2 |  2.0
Short Blades   | 3 5 6 7 9 10 | 10.3
Dodging        | 3 6 9 11 | 11.7
Fighting       | 2 3 |  3.8
Long Blades    | 5 |  5.7
Armour         | 3 |  3.0

Action                   |  1- 3 |  4- 6 |  7- 9 | 10-12 | 13-15 || total
-------------------------+-------+-------+-------+-------+-------++-------
Melee: Dagger            |   123 |    64 |   254 |   405 |   875 ||  1721
       Bite              |    12 |     1 |    17 |    36 |    95 ||   161
       Headbutt          |       |       |    23 |    74 |   160 ||   257
       Scimitar          |       |       |       |    21 |   105 ||   126
       Demon blade       |       |       |       |       |    96 ||    96
 Cast: Corona            |     6 |       |       |       |       ||     6
       Ensorcelled Hiber |    24 |    23 |    87 |   189 |   374 ||   697
       Confuse           |       |     1 |    27 |    62 |   161 ||   251
       Dazzling Spray    |       |       |     7 |     6 |    68 ||    81
       Dispel Undead     |       |       |       |     6 |    40 ||    46
       Agony             |       |       |       |     6 |    31 ||    37
       Animate Dead      |       |       |       |     3 |    11 ||    14
Invok: Receive Corpses   |       |       |       |       |     8 ||     8
       Brand Weapon With |       |       |       |       |     1 ||     1
 Abil: End Transformatio |       |     1 |     1 |     5 |    14 ||    21
       Bat Form          |       |     1 |     1 |     5 |    14 ||    21
Evoke: Wand              |       |       |     4 |       |     7 ||    11
  Use: Potion            |       |     3 |    11 |    11 |    40 ||    65
       Scroll            |       |       |     7 |    17 |    27 ||    51
 Stab: Sleeping          |    26 |    22 |    76 |   147 |   220 ||   491
       Distracted        |     1 |       |     1 |     2 |     1 ||     5
       Confused          |       |     2 |    10 |    22 |    66 ||   100
       Invisible         |       |       |     1 |     4 |    16 ||    21
Armor: Robe              |    25 |     9 |    44 |    67 |   186 ||   331
       Troll leather arm |       |       |       |       |    94 ||    94
Dodge: Dodged            |    50 |    29 |    78 |   163 |  1062 ||  1382
       Rpst.: Scimitar   |       |       |       |     2 |    40 ||    42
       Demon blade       |       |       |       |       |    19 ||    19
